 Dungeon Crawl Stone Soup version 0.18-a0-1584-g146024a (webtiles) character file.

25753 Oddball22 the Nimble (level 12, -7/112 HPs)
             Began as a Minotaur Berserker on Mar 18, 2016.
             Was a High Priest of Trog.
             Shot with a poisoned arrow by Nessos (14 damage)
             ... on level 6 of the Lair of Beasts.
             The game lasted 00:44:53 (15084 turns).

Oddball22 the Nimble (Minotaur Berserker)          Turns: 15084, Time: 00:44:54

Health: -7/112     AC: 13    Str: 22    XL:     12   Next: 92%
Magic:  11/11      EV: 20    Int:  4    God:    Trog [*****.]
Gold:   1096       SH:  0    Dex: 15    Spells: 0 memorised, 11 levels left

rFire  . . .     SeeInvis .     R - +1 broad axe (chop)
rCold  . . .     Gourm    .     y - +2 ring mail {rPois}
rNeg   + . .     Faith    +     (no shield)
rPois  +         Spirit   .     (helmet restricted)
rElec  .         Dismiss  .     d - +2 cloak
rCorr  .         Reflect  .     O - +0 pair of gloves
SustAt .         Harm     .     E - +0 pair of boots
MR     .....                    I - amulet of faith
Stlth  +.........               Q - ring of positive energy
                                B - ring of poison resistance

@: exhausted, slowed, very slow, not resistant to hostile enchantments, very
unstealthy
A: retaliatory headbutt, horns 2, deformed body
a: Berserk, Trog's Hand, Brothers in Arms, Burn Spellbooks, Renounce Religion


You were on level 6 of the Lair of Beasts.
You worshipped Trog.
Trog was extremely pleased with you.
You were very hungry.

You visited 2 branches of the dungeon, and saw 14 of its levels.
You also visited: Ossuary.

You collected 1096 gold pieces.

Inventory:

Hand Weapons
 t - a +6 antimagic hand axe
 D - a +0 arbalest of venom
 J - the +5 flail "Laantool" {flame, Int+6}
   (You found it on level 6 of the Dungeon)

   It has been specially enchanted to burn those struck by it, causing extra
   injury to most foes and up to half again as much damage against particularly
   susceptible opponents.
   It affects your intelligence (+6).
 R - a +1 broad axe of chopping (weapon)
 X - a +1 antimagic executioner's axe
 Y - the +6 whip of the New World {slash, +Blink rF- Dex+2}
   (You found it on level 1 of the Lair of Beasts)

   It inflicts extra damage upon your enemies.
   It affects your dexterity (+2).
   It makes you vulnerable to fire.
   It lets you blink.
Missiles
 w - 3 steel javelins
 L - 7 poisoned javelins (quivered)
 M - 2 exploding tomahawks
Armour
 d - a +2 cloak (worn)
 y - a +2 ring mail of poison resistance (worn)
 E - a +0 pair of boots (worn)
 O - a +0 pair of gloves (worn)
Jewellery
 B - a ring of poison resistance (left hand)
 I - an amulet of faith (around neck)
 Q - a ring of positive energy (right hand)
Wands
 v - a wand of polymorph (9/24)
 x - a wand of iceblast (6/15)
 A - a wand of random effects (32/48)
 P - a wand of polymorph (17/24)
Scrolls
 g - a scroll of enchant weapon
 h - 13 scrolls of identify
 k - 3 scrolls of blinking
 n - 4 scrolls of remove curse
 o - 2 scrolls of teleportation
 r - 2 scrolls of magic mapping
 z - a scroll of enchant armour
 C - a scroll of fog
 K - 2 scrolls of recharging
 V - 6 scrolls of fear
Potions
 a - 2 potions of ambrosia {unknown}
 b - 2 potions of flight {unknown}
 e - 2 potions of brilliance {unknown}
 f - a potion of magic {unknown}
 l - 3 potions of mutation {unknown}
 m - 2 potions of degeneration {unknown}
 p - 2 potions of resistance {unknown}
 q - 6 potions of heal wounds {unknown}
 u - 8 potions of curing {unknown}
 F - a potion of lignification {unknown}
 H - 3 potions of berserk rage {unknown}
 N - a potion of invisibility {unknown}
 S - 2 potions of might {unknown}
 T - 2 potions of haste {unknown}
 Z - a potion of cancellation {unknown}
Books
 i - a book of Changes

   Spells                             Type                      Level
   a - Beastly Appendage              Transmutation                1
   b - Sticks to Snakes               Transmutation                2
   c - Spider Form                    Transmutation/Poison         3
   d - Ice Form                       Ice/Transmutation            4
   e - Blade Hands                    Transmutation                5
   Trog disapproves of the use of such an item.
Comestibles
 c - 12 bread rations
 j - 6 meat rations
 s - 5 beef jerkies
 G - 4 fruits
 U - 7 slices of pizza


   Skills:
 + Level 12.3 Fighting
 + Level 12.3 Axes
 + Level 12.0 Armour
 * Level 14.4 Dodging


You had 11 spell levels left.
You didn't know any spells.

Dungeon Overview and Level Annotations

Branches:
Dungeon (8/15)             Temple (0/1) D:6            Lair (6/8) D:8
  Swamp (0/4) Lair:5       Spider (0/4) Lair:3
  Slime: Lair:6-8

Altars:
Ashenzari
Dithmenos
Elyvilon
Kikubaaqudgha
Makhleb
Sif Muna
Yredelemnul
The Shining One

Shops:
D:4 }(?=   D:8 ?

Annotations:
Lair:6 Nessos


Innate Abilities, Weirdness & Mutations

You reflexively headbutt those who attack you in melee.
You have a pair of horns on your head.
Armour fits poorly on your strangely shaped body.


Message History

Nessos shoots a poisoned arrow.
The poisoned arrow hits you!!
* * * LOW HITPOINT WARNING * * *
The poisoned arrow burns you.
* * * LOW HITPOINT WARNING * * *
Nessos blinks!
You see here 2 poisoned arrows.
Nessos blinks!
You see here a poisoned arrow.
That item cannot be evoked!
You hit Nessos but do no damage. Your headbutt misses Nessos.
Nessos is almost dead.
Nessos unwields an uncursed longbow of flaming.
It stops flaming.
Nessos misses you. x2; Nessos blinks!
Nessos blinks!
Nessos blinks!
Nessos wields an uncursed longbow of flaming.
It bursts into flame!
Nessos shoots a poisoned arrow.
The poisoned arrow hits you but does no damage.
Nessos shoots a poisoned arrow.
The poisoned arrow hits you!
You die...

##### ###...## ## ######
#....#.#####.######.
.....###...#.#.##(..#.....#
..............(............
................@.........
...PP.#...#..P..##(#.§###
....#..#.#.##...#.#(#...#...
............##......(.......
...##.......##..+....c..##..
....P.......##..##..§.......
...P............#...........
.................§..c...PP..
...#...P....................


You could see Nessos.

Vanquished Creatures
  Nergalle (Lair:4)
  The ghost of FIQ the Archer, a novice CeHu of Okawaru (D:8)
  The ghost of Deemzul the Martial Artist, a novice OpMo (D:6)
  2 oklob plants
  3 elephants
  The ghost of FIQ the Archer, a novice CeHu of Okawaru (D:5)
  3 black mambas
  8 spiny frogs
  3 rime drakes
  4 komodo dragons
  A polar bear (Lair:4)
  Prince Ribbit (D:5)
  15 blink frogs
  A wyvern (Lair:6)
  27 yaks
  A hog (D:8)
  A human (D:8)
  A basilisk (Lair:4)
  7 hippogriffs
  4 insubstantial wisps (Lair:5)
  2 hell hounds (Lair:4)
  6 water moccasins
  Duvessa (D:4)
  10 porcupines
  A sky beast (D:7)
  4 orc warriors
  3 ice beasts
  2 phantoms
  A necrophage (D:8)
  4 ogres
  5 centaurs
  4 crocodiles
  13 giant frogs
  8 scorpions
  Dowan (D:4)
  3 killer bees (D:7)
  A howler monkey (D:6)
  An electric eel (Lair:5)
  2 centaur zombies
  A crimson imp (D:6)
  2 quasits (D:7)
  A giant frog skeleton (D:6)
  An orc priest (D:7)
  8 orc wizards
  A gnoll shaman (D:4)
  10 iguanas
  8 worker ants
  10 sheep
  A big kobold zombie (Ossuary)
  8 mummies (Ossuary)
  Robin (D:3)
  11 adders
  7 gnolls
  A howler monkey skeleton (D:4)
  24 river rats
  2 shadow imps
  2 adder skeletons
  5 worms
  5 dart slugs (D:1)
  2 giant geckos
  28 orcs
  6 bats
  9 giant cockroaches
  A gnoll zombie (Ossuary)
  15 goblins
  6 hobgoblins
  12 jackals
  6 quokkas
  7 giant newts
  3 hobgoblin zombies (Ossuary)
  7 kobolds
  2 kobold zombies (Ossuary)
  An orc zombie (Ossuary)
  14 rats
  2 fungi (Lair:4)
388 creatures vanquished.

Vanquished Creatures (collateral kills)
  A death yak (Lair:6)
  A torpor snail (Lair:6)
  6 yaks (Lair:6)
8 creatures vanquished.

Vanquished Creatures (others)
  7 fungi
  2 plants
9 creatures vanquished.

Grand Total: 405 creatures vanquished

Notes
Turn   | Place    | Note
--------------------------------------------------------------
     0 | D:1      | Oddball22 the Minotaur Berserker began the quest for the Orb.
     0 | D:1      | Reached XP level 1. HP: 19/19 MP: 0/0
   150 | D:1      | Reached XP level 2. HP: 22/27 MP: 1/1
   994 | D:1      | Reached XP level 3. HP: 33/33 MP: 2/2
  1111 | D:2      | Reached XP level 4. HP: 26/40 MP: 3/3
  1123 | D:2      | Reached ** piety under Trog
  1128 | D:2      | Found a white marble altar of Elyvilon.
  1396 | D:2      | Found a basalt altar of Yredelemnul.
  1404 | D:2      | Reached skill level 3 in Dodging
  1938 | D:2      | Found a deep blue altar of Sif Muna.
  2413 | D:2      | Reached XP level 5. HP: 38/47 MP: 4/4
  2558 | D:3      | Noticed an ogre
  2562 | D:3      | Killed an ogre
  2562 | D:3      | Reached skill level 5 in Fighting
  2562 | D:3      | Reached skill level 5 in Axes
  2582 | D:3      | Noticed Robin
  2593 | D:3      | Killed Robin
  2593 | D:3      | Reached XP level 6. HP: 28/56 MP: 5/5
  2815 | D:3      | Reached *** piety under Trog
  3229 | D:3      | Found a burning altar of Makhleb.
  3229 | D:3      | Found an ancient bone altar of Kikubaaqudgha.
  3409 | D:4      | Found Moysihua's Jewellery Emporium.
  3974 | D:4      | Found Kien's Weapon Shoppe.
  4008 | D:4      | Found Dylluux's Gadget Shop.
  4050 | D:4      | Reached skill level 4 in Dodging
  4097 | D:4      | Found Sass's Magic Scroll Shop.
  4121 | D:4      | Noticed Dowan
  4148 | D:4      | Noticed Duvessa
  4153 | D:4      | Killed Dowan
  4161 | D:4      | Killed Duvessa
  4161 | D:4      | Reached skill level 5 in Armour
  4161 | D:4      | Reached XP level 7. HP: 20/61 MP: 6/6
  4511 | D:5      | Entered Level 5 of the Dungeon
  4716 | D:5      | Found a sand-covered staircase.
  4722 | Ossuary  | Entered an ossuary
  4762 | Ossuary  | Reached skill level 5 in Dodging
  5172 | D:5      | Noticed Prince Ribbit
  5187 | D:5      | Killed Prince Ribbit
  5187 | D:5      | Reached XP level 8. HP: 70/70 MP: 7/7
  5325 | D:5      | Reached skill level 6 in Dodging
  5415 | D:5      | Noticed FIQ's ghost (novice CeHu)
  5443 | D:5      | Killed FIQ's ghost
  5617 | D:5      | Reached skill level 7 in Dodging
  5838 | D:6      | Got a transparent flail
  5865 | D:6      | Found a staircase to the Ecumenical Temple.
  5875 | D:6      | Identified the +5 flail "Laantool" {flame, Int+6} (You found it on level 6 of the Dungeon)
  5923 | D:6      | Received a gift from Trog
  6000 | D:6      | Found a glowing golden altar of the Shining One.
  6024 | D:6      | Reached XP level 9. HP: 79/79 MP: 8/8
  6111 | D:6      | Reached **** piety under Trog
  6111 | D:6      | Received a gift from Trog
  6337 | D:6      | Reached skill level 8 in Dodging
  6378 | D:6      | Found a shattered altar of Ashenzari.
  6378 | D:6      | Found a shadowy altar of Dithmenos.
  6460 | D:6      | Noticed Deemzul's ghost (novice OpMo)
  6469 | D:6      | Killed Deemzul's ghost
  6876 | D:7      | Reached skill level 9 in Dodging
  7018 | D:7      | Reached ***** piety under Trog
  7405 | D:8      | Reached XP level 10. HP: 68/90 MP: 9/9
  7431 | D:8      | Noticed FIQ's ghost (novice CeHu)
  7442 | D:8      | Killed FIQ's ghost
  7442 | D:8      | Reached skill level 10 in Dodging
  7590 | D:8      | Found a staircase to the Lair.
  8100 | D:8      | Found Kofinut's Magic Scroll Shop.
  8609 | Lair:1   | Entered Level 1 of the Lair of Beasts
  8609 | Lair:1   | Noticed a spiny frog
  8615 | Lair:1   | Killed a spiny frog
  8617 | Lair:1   | Noticed a black mamba
  8627 | Lair:1   | Killed a black mamba
  8627 | Lair:1   | Reached skill level 11 in Dodging
  8689 | Lair:1   | Got a bloodstained whip
  8868 | Lair:1   | Reached skill level 10 in Axes
  9005 | Lair:1   | Noticed a spiny frog
  9014 | Lair:1   | Killed a spiny frog
  9014 | Lair:1   | Reached XP level 11. HP: 78/99 MP: 10/10
  9177 | Lair:1   | Reached ****** piety under Trog
  9177 | Lair:1   | Reached skill level 10 in Fighting
  9337 | Lair:1   | Reached skill level 10 in Armour
 10091 | Lair:2   | Reached skill level 12 in Dodging
 10850 | Lair:3   | Received a gift from Trog
 10866 | Lair:3   | Identified the +6 whip of the New World {slash, +Blink rF- Dex+2} (You found it on level 1 of the Lair of Beasts)
 10891 | Lair:3   | Gained mutation: Armour fits poorly on your strangely shaped body. [mutagenic glow]
 10898 | Lair:3   | Found a hole to the Spider Nest.
 11693 | Lair:4   | Reached XP level 12. HP: 104/110 MP: 11/11
 11945 | Lair:4   | Reached skill level 13 in Dodging
 12585 | Lair:4   | Noticed Nergalle
 12594 | Lair:4   | Killed Nergalle
 12857 | Lair:5   | Found a staircase to the Swamp.
 13059 | Lair:5   | Received a gift from Trog
 14301 | Lair:6   | Noticed a death yak
 14312 | Lair:6   | Reached skill level 14 in Dodging
 14316 | Lair:6   | Killed a death yak
 14414 | Lair:6   | Received a gift from Trog
 15067 | Lair:6   | Noticed Nessos
 15084 | Lair:6   | Shot with a poisoned arrow by Nessos

Vault maps used:
D:1:      minmay_arrival_checkered_box, st_stairs_3, minmay_misc_feat_alley
D:2:      lemuel_blue_sif_altar, lemuel_crystal_altar, elyvilon_altar_5
D:3:      grunt_temple_overflow_open, uniq_robin
D:4:      first_bread, serial_shops, shop, shop_statue, kennysheep_mini,
          nicolae_shop_crystal, uniq_duvessa
D:5:      nicolae_ossuary_entry_plus, roderic_hopi_sauvastika,
          uniq_prince_ribbit1
D:6:      gammafunk_temple_overflow_pools, minmay_temple_entry_junction2,
          tso_metal_star
D:8:      grunt_lair_entry_orc_guard_hut, serial_shops,
          nicolae_shop_statue_plus, grunt_livestock
Lair:2:   grunt_megastairs_1
Lair:3:   nicolae_spider_entry_non_spiders, hangedman_lair_unloving_vines,
          grunt_megastairs_3
Lair:4:   enter_volcano_3, minivault_27, uniq_nergalle
Lair:5:   minmay_swamp_entry_wisps, minivault_24, wad_woods_river_03,
          lemuel_fruit_fields
Lair:6:   beast_lair_carwin_large_2, uniq_nessos
Ossuary:  ossuary_tomb_3

Skill      XL: |  1  2  3  4  5  6  7  8  9 10 11 12 |
---------------+-------------------------------------+-----
Fighting       | 4 5 6 7 8 9 11 12 | 12.3
Armour         | 3 4 5 7 8 9 11 12 | 12.0
Axes           | 4 5 6 7 9 10 11 12 | 12.3
Dodging        | 3 4 5 7 9 11 12 14 | 14.4

Action                   |  1- 3 |  4- 6 |  7- 9 | 10-12 || total
-------------------------+-------+-------+-------+-------++-------
Melee: Hand axe          |    46 |   171 |   175 |       ||   392
       Flail             |       |       |   135 |   112 ||   247
       Broad axe         |       |       |       |   465 ||   465
       Executioner's axe |       |       |       |     4 ||     4
Invok: Berserk           |     1 |     3 |     2 |     4 ||    10
       Burn Spellbooks   |       |     1 |       |     4 ||     5
       Trog's Hand       |       |       |       |     5 ||     5
       Brothers in Arms  |       |       |       |     1 ||     1
  Use: Scroll            |       |       |     7 |    13 ||    20
 Stab: Sleeping          |       |     1 |       |       ||     1
       Distracted        |       |       |       |     1 ||     1
  Eat: Chunk             |     2 |    11 |    14 |    29 ||    56
